 Dungeon Crawl Stone Soup version 0.26.0-45-g9c1d065592 (webtiles) character file.

Game seed: 11155516137053543094

168 kaeus the Stinger (level 5, 0/31 HPs)
             Began as an Octopode Venom Mage on Jan 30, 2021.
             Slain by Grinder (3 damage)
             ... while paralysed by Grinder
             ... on level 3 of the Dungeon.
             The game lasted 00:01:44 (3351 turns).

kaeus the Stinger (Octopode Venom Mage)             Turns: 3351, Time: 00:01:45

Health: 0/31       AC:  1    Str:  8    XL:     5   Next: 48%
Magic:  7/10       EV:  2    Int: 18    God:
Gold:   161        SH:  0    Dex: 12    Spells: 2/10 levels left

rFire    . . .     SeeInvis .   b - +2 short sword (elec)
rCold    . . .     Faith    .   (no shield)
rNeg     + . .     Spirit   .   (helmet restricted)
rPois    .         Reflect  .   (no amulet)
rElec    .         Harm     .   a - ring of positive energy
rCorr    .         Rampage  .   (no ring)
Will     .....                  (no ring)
Stlth    +++.......             (no ring)
HPRegen  0.10/turn              (no ring)
MPRegen  0.12/turn              (no ring)
                                (no ring)
                                (no ring)

@: paralysed
A: almost no armour, stealthy swim, amphibious, 8 rings, constrict 8, camouflage
1, gelatinous body 1
a: no special abilities


You were on level 3 of the Dungeon.
You visited 1 branch of the dungeon, and saw 3 of its levels.

You collected 161 gold pieces.

Inventory:

Hand Weapons
 b - a +2 short sword of electrocution (weapon)
Jewellery
 a - a ring of positive energy (left tentacle)
Scrolls
 c - a scroll of noise {unknown}
 f - a scroll of remove curse {unknown}
 h - 3 scrolls of amnesia {unknown}
 k - a scroll of teleportation {unknown}
 l - a scroll of fear {unknown}
 m - a scroll of magic mapping {unknown}
Potions
 d - a potion of heal wounds
 e - a potion of resistance {unknown}
 g - a potion of might {unknown}
 i - 2 potions of curing {unknown}
 j - a potion of haste


   Skills:
 - Level 2.0 Dodging
 - Level 2.6 Stealth
 + Level 3.3 Spellcasting
 + Level 3.0 Transmutations
 - Level 5.0 Poison Magic


You had 2 spell levels left.
You knew the following spells:

 Your Spells              Type           Power        Failure   Level
a - Sting                 Tmut/Pois      68%          3%          1
b - Olgreb's Toxic Radia  Pois           21%          21%         4
c - Ignite Poison         Fire/Tmut/Pois 12%          16%         3

Your spell library contained the following spells:

 Spells                   Type           Power        Failure   Level
 Poisonous Vapours        Pois/Air       24%          9%          2
 Mephitic Cloud           Conj/Pois/Air  9%           24%         3


Dungeon Overview and Level Annotations

Branches:
Dungeon (3/15)

Altars:

Annotations:
D:3 Grinder


Innate Abilities, Weirdness & Mutations

You cannot wear most types of armour.
You are very stealthy in the water. (Stealth+)
You are amphibious.
You can wear up to eight rings at the same time.
You can use your tentacles to constrict eight enemies at once.
Your skin changes colour to match your surroundings (Stealth+).
Your rubbery body absorbs attacks. (AC +1, EV +1)


Message History

Grinder looks even sicker.
Grinder is lightly wounded.
Grinder gestures at you.
You are unaffected.
You now have 7/10 mp.
You hit Grinder. You grab Grinder. You squeeze Grinder!
Grinder is heavily wounded.
You constrict Grinder. Grinder hits you!
You take 9 damage, and have 22/31 hp.
MASSIVE DAMAGE!!
You hit Grinder.
Grinder is severely wounded.
You constrict Grinder. Grinder hits you! Grinder gestures at you.
You suddenly lose the ability to move!
You lose your grip on Grinder.
Grinder hits you but does no damage.
Grinder says, "I used to sell toenails on the black market."
Grinder hits you!
* * * LOW HITPOINT WARNING * * *
You writhe in agony.
You die...

#.#.# #.......
######.#.#############.......
#............................
#.####.#.#############....... #.#
#.#.# #....... #####.####.#.#
#....... ...........#.# #.......
####.....###.####################
#............@5o..........
##.###...#########.)......
#.###...# #........ #>......#
#........ #####...# #........
##### #........ #..[.....
#........ .........


You could see Grinder (very poisoned) and an orc.

Vanquished Creatures
  Terence (D:2)
  8 adders
  An ooze (D:3)
  3 worms
  A leopard gecko (D:2)
  2 orcs (D:3)
  2 giant cockroaches
  10 goblins
  6 hobgoblins
  4 jackals
  A quokka (D:3)
  A ball python (D:3)
  6 bats (D:1)
  3 frilled lizards
  5 kobolds
  5 rats
59 creatures vanquished.

Notes
Turn   | Place    | Note
-------+----------+-------------------------------------------
     0 | D:1      | kaeus the Octopode Venom Mage began the quest for the Orb.
     0 | D:1      | Reached XP level 1. HP: 11/11 MP: 3/3
   309 | D:1      | Reached XP level 2. HP: 17/17 MP: 0/5
   561 | D:1      | Reached skill level 4 in Poison Magic
  1101 | D:2      | Reached XP level 3. HP: 21/21 MP: 3/6
  1572 | D:2      | Reached XP level 4. HP: 27/27 MP: 5/8
  1871 | D:2      | Noticed Terence
  1880 | D:2      | Killed Terence
  2353 | D:2      | Learned a level 4 spell: Olgreb's Toxic Radiance
  2357 | D:2      | Learned a level 3 spell: Ignite Poison
  2634 | D:3      | Reached XP level 5. HP: 29/31 MP: 6/9
  2922 | D:3      | Reached skill level 5 in Poison Magic
  3335 | D:3      | Noticed Grinder
  3349 | D:3      | Paralysed by Grinder for 7 turns
  3351 | D:3      | Slain by Grinder

Illustrated notes

Levels and vault maps discovered:
D:1:      elethiomel_arrival_quiet, layout_basic
D:2:      layout_basic, serial_glass, glass_columns_a, glass_columns_a,
          glass_columns_a, nrook_mini_vaults, uniq_terence
D:3:      layout_basic, yredelemnul_forgotten_temple_becter,
          gammafunk_temple_overflow_statue, uniq_grinder

Skill      XL: |  1  2  3  4  5 |
---------------+----------------+-----
Poison Magic   | 4 5 |  5.0
Transmutations | 2 3 |  3.0
Spellcasting   | 3 |  3.3
Dodging        | |  2.0
Stealth        | |  2.6

Action                   |  1- 3 |  4- 6 || total
-------------------------+-------+-------++-------
Melee: Unarmed           |    18 |       ||    18
       Constrict         |     9 |     7 ||    16
       Tentacles         |     5 |     5 ||    10
       Short sword       |    19 |    28 ||    47
 Cast: Sting             |    24 |    51 ||    75
Armor: Skin              |     5 |     1 ||     6
Dodge: Dodged            |    24 |    12 ||    36
